Unix NetHack Version 5.0.0-0 post-release - last build Jul 19 2026 19:10:59 (3aa4ab31751d3886436d94b585a96704892fd477,branch:main).

Game began 2026-07-20 22:01:21, ended 2026-07-21 00:02:56.

IanCurtis, chaotic male elven Wizard

       -----
       |`...      -----
       -....      |....
       |.....     |...|
       |.....|#   |(..|           |
       |......####.....##     ....|
       -------#   --.--           |
              #     #
              #     ###
              #       #
              #       #
              #-------+-
              #.M@%(...|
               |.<..(..|
               |.......|
               |.......|
               ---------

IanCurtis the Thaumaturge  St:12 Dx:13 Co:16 In:16 Wi:11 Ch:12  Chaotic
Dlvl:8  $:3623 HP:0(54) Pw:17(97) AC:8  Xp:7 T:2853 

Latest messages:
 In what direction? h
 The spell hits the rope golem!
 You destroy the rope golem!
 The spell misses the ettin zombie.
 In what direction? h
 The spell hits the ettin zombie!
 In what direction? h
 The spell hits the ettin zombie!
 In what direction? h
 The spell hits the ettin zombie!
 You destroy the ettin zombie!
 You hear a sceptre pounded in judgment.
 You hear a door open.
 You are beginning to feel hungry.
 You stop searching.
 In what direction? u
 The door closes.
 You see here a tin opener.
 The grid bug misses!
 You miss the grid bug.
 The grid bug bites!
 You avoid harm.
 You kill the grid bug!
 What do you want to eat? [BFZ or ?*] ?
 Blecch!  Rotten food!
 The world spins and goes dark.
 You are conscious again.
 What do you want to eat? [BFZ or ?*] <space>
 Never mind.
 What do you want to eat? [BFZ or ?*] Z
 You consume the last bite of your meal.
 What do you want to eat? [BF or ?*] B
 Blecch!  Rotten food!
 You feel rather light headed.
 Your movements are now unencumbered.
 You finish eating the food ration.
 You feel less confused now.
 You stop waiting.
 You stop searching.
 You hear a door open.
 You hit the elf mummy!
 The elf mummy hits!
 You hit the elf mummy!
 The elf mummy hits!
 In what direction? h
 The spell hits the elf mummy!
 The elf mummy resists!
 The elf mummy hits!
 You die...
 Do you want your possessions identified? [ynq] (y) q

Inventory:
 Coins    ('$')
  $ - 3623 gold pieces
 Amulets  ('"')
  D - a cursed amulet of change
 Weapons  (')')
  a - a blessed +1 quarterstaff (weapon in hands)
 Armor    ('[')
  p - an uncursed +0 elven leather helm (being worn)
  Y - an uncursed +0 pair of elven boots
  b - an uncursed +0 cloak of magic resistance (being worn)
 Comestibles  ('%')
  B - 2 uncursed food rations
  F - an uncursed tripe ration
 Scrolls  ('?')
  V - an uncursed scroll of amnesia
  k - an uncursed scroll of create monster
  R - an uncursed scroll of gold detection
  A - a blessed scroll of identify
  M - an uncursed scroll of identify
  j - an uncursed scroll of remove curse
  P - an uncursed scroll of scare monster
 Spellbooks  ('+')
  G - an uncursed spellbook of detect food
  l - a blessed spellbook of force bolt
  m - an uncursed spellbook of knock
 Potions  ('!')
  L - a blessed potion of confusion
  u - a cursed potion of fruit juice
  h - an uncursed potion of gain energy
  f - an uncursed potion of gain level
  w - a cursed potion of restore ability
  g - 2 uncursed potions of water
  C - a potion of unholy water
 Rings    ('=')
  U - a cursed ring of aggravate monster
  J - an uncursed +2 ring of increase damage
  r - an uncursed ring of invisibility
  N - an uncursed ring of see invisible
  e - an uncursed ring of teleport control
 Wands    ('/')
  X - a wand of light (0:12)
  Q - a wand of lightning (0:4)
  c - a wand of locking (0:4)
  I - a wand of magic missile (0:4)
  T - a wand of slow monster (0:6)
  H - a wand of speed monster (0:5)
  q - a wand of teleportation (0:8)
  W - a wand of teleportation (0:8)
  t - a wand of teleportation (0:6)
 Tools    ('(')
  o - an uncursed wooden harp
  n - a magic marker (0:19)
  z - an uncursed magic whistle
  d - a rusty +0 pick-axe
 Gems/Stones  ('*')
  s - an uncursed flint stone

IanCurtis the Wizard's attributes:

Background:
 You were a Thaumaturge, a level 7 male elven Wizard.
 You were chaotic, on a mission for Anhur
 who was opposed by Ptah (lawful) and Thoth (neutral).
 You were right-handed.
 You were in the Dungeons of Doom, on level 8.
 You entered the dungeon 2853 turns ago.
 It was the midnight hour.
 You had 1046 experience points, 234 more were needed to attain level 8.

Basics:
 You had 0 out of 54 hit points.
 You had 17 out of 97 energy points (spell power).
 Your armor class was 8.
 Your wallet contained 3623 zorkmids.
 Autopickup was off.

Final Characteristics:
 Your strength was 12 (limit:18).
 Your dexterity was 13 (limit:18).
 Your constitution was 16 (limit:16).
 Your intelligence was 16 (limit:20).
 Your wisdom was 11 (limit:20).
 Your charisma was 12 (limit:18).

Final Status:
 You weren't hungry.
 You were unencumbered.
 You were wielding a quarterstaff.
 You were skilled in quarterstaff.

Final Attributes:
 You were piously aligned.
 You were magic-protected.
 You were sleep resistant.
 You were telepathic.
 You had infravision.
 You were warded.
 You are dead.

Miscellaneous:
 You didn't encounter any bones levels.
 Total elapsed playing time was 29 minutes and 52 seconds.

Major events:
 Turn
    1: IanCurtis the chaotic male elven Wizard entered the dungeon
  315: attained the rank of Conjurer (level 3)
 1289: entered the Gnomish Mines
 1574: attained the rank of Thaumaturge (level 6)
 2853: killed by an elf mummy

Spells:
 Name                 Level Category     Fail Retention
 force bolt             1   attack         0%   81%-90%
 knock                  1   matter         0%  76%-100%
 detect food            2   divination    47%  76%-100%

Skills:
 Fighting Skills
   bare handed combat [Unskilled]
   riding             [Unskilled]
 Weapon Skills
   dagger             [Unskilled]
   knife              [Unskilled]
   axe                [Unskilled]
   short sword        [Unskilled]
   club               [Unskilled]
   mace               [Unskilled]
   quarterstaff       [Skilled]
   polearms           [Unskilled]
   spear              [Unskilled]
   trident            [Unskilled]
   sling              [Unskilled]
   dart               [Unskilled]
   shuriken           [Unskilled]
 Spellcasting Skills
   attack spells      [Basic]
   healing spells     [Unskilled]
   divination spells  [Unskilled]
   enchantment spells [Basic]
   clerical spells    [Unskilled]
   escape spells      [Unskilled]
   matter spells      [Unskilled]

Voluntary challenges:
 Character rerolling was not enabled.
 You never genocided any monsters.
 You never polymorphed an object.
 You never changed form.
 You used no wishes.
Achievements:
 You attained the rank of Conjurer.
 You entered the Gnomish Mines.
 You attained the rank of Thaumaturge.

 The Dungeons of Doom: levels 1 to 8
    Level 1:
       A fountain, a grave.
    Level 2:
       A fountain.
    Level 3: "vault"
       A fountain, a sink.
    Level 4:
       Stairs down to The Gnomish Mines.
    Level 5:
       A fountain, a sink.
    Level 6:
    Level 7:
    Level 8: <- You were here.
       Final resting place for
          you, killed by an elf mummy.
 The Gnomish Mines:
    Level 5:


Vanquished creatures:
  a ghost
 an ettin zombie
  a leprechaun
  a gnome ruler
  a dwarf mummy
  a jaguar
  a dwarf leader
  a blue jelly
  a dust vortex
  a raven
  a gnome mummy
  2 rope golems
  a Woodland-elf
  3 rock moles
  2 ponies
 11 fog clouds
  2 gnome leaders
  a gnomish wizard
  a straw golem
  3 floating eyes
  2 dwarves
  a rothe
  6 orc zombies
  a dwarf zombie
  2 wererats
  4 iguanas
 an acid blob
  2 hobbits
  a large kobold
  a hobgoblin
  a giant rat
  a cave spider
  2 yellow molds
  a green mold
  6 gnomes
  2 garter snakes
  3 geckos
  6 jackals
  a kobold
  a goblin
  2 sewer rats
  3 grid bugs
  3 bats
  2 lichens
  a kobold zombie
  4 newts
97 creatures vanquished.

No species were genocided or became extinct.

Game over:
                       ----------
                      /          \
                     /    REST    \
                    /      IN      \
                   /     PEACE      \
                  /                  \
                  |    IanCurtis     |
                  |     3623 Au      |
                  | killed by an elf |
                  |      mummy       |
                  |                  |
                  |                  |
                  |       2026       |
                 *|     *  *  *      | *
        _________)/\\_//(\/(/\)/\//\/|_)_______

Goodbye IanCurtis the Wizard...

You died in The Dungeons of Doom on dungeon level 8 with 7785 points,
and 3623 pieces of gold, after 2853 moves.
You were level 7 with a maximum of 54 hit points when you died.

